AoeStats
← Sanguinius7193

Baltic

510912328Analyzed
4v4 RM · 10h ago on Oct 3, 2026· 81m 43s· 8 players
Game mode
Random Map
Map size
Large (8 player)
Population
200
Speed
Normal
Resources
Standard
Victory
Conquest
Starting age
Dark Age
Ending age
Imperial Age
RankedLock teamsTeams togetherTeam positionsShared explorationLock speedFull tech treeHidden civsTurbo modeCheats
Victory
Defeat
🇦🇺 Britons · Australia
892
+37
🇺🇸 Vikings · United States
884
+14
🇺🇸 Saracens · United States
874
+32
🇦🇺 Persians · Australia
801
+18
🇺🇸 Danes · United States
945
-19
🇺🇸 Franks · United States
845
-15
🇺🇸 Vikings · United States
816
-14
🇺🇸 Byzantines · United States
755
-12
Banana Cop
12:08 Feudal Age
17:22 Castle Age
17:27 Double-Bit Axe
17:26 Horse Collar
17:38 Gold Mining
17:39 Stone Mining
19:23 Wheelbarrow
21:52 Kamandaran
27:56 Fletching
27:29 Crossbowman
30:05 Thumb Ring
30:03 Bodkin Arrow
31:21 Ballistics
34:49 Imperial Age
34:17 Bow Saw
34:12 Heavy Plow
34:56 Gold Shaft Mining
34:55 Padded Archer Armor
36:14 Chemistry
39:17 Stone Shaft Mining
40:11 Leather Archer Armor
41:36 Ring Archer Armor
42:39 Murder Holes
43:49 Elite War Elephant
45:02 Conscription
46:04 Forging
46:00 Scale Barding Armor
49:33 Crop Rotation
50:05 Two-Man Saw
49:24 Hand Cart
51:43 Iron Casting
51:29 Chain Barding Armor
54:13 Blast Furnace
60:33 Plate Barding Armor
61:32 Bloodlines
61:22 Husbandry
63:48 Citadels
Pugsy
12:17 Feudal Age
15:40 Wheelbarrow
17:14 Castle Age
15:52 Wheelbarrow
16:06 Double-Bit Axe
20:27 Pikeman
25:44 Bow Saw
27:15 Gold Mining
30:17 Hand Cart
30:45 Scale Barding Armor
30:31 Fletching
36:27 Imperial Age
34:15 Forging
34:25 Chain Barding Armor
34:11 Horse Collar
36:25 Iron Casting
38:00 Gold Shaft Mining
37:16 Stone Mining
37:38 Heavy Plow
38:41 Two-Man Saw
37:59 Block Printing
37:49 Elite Mameluke
38:50 Conscription
39:45 Blast Furnace
39:21 Plate Barding Armor
41:10 Counterweights
41:27 Bodkin Arrow
41:33 Scale Mail Armor
45:42 Chemistry
45:21 Man-at-Arms
45:46 Gambesons
46:02 Squires
47:28 Long Swordsman
47:49 Crossbowman
48:47 Bracer
48:49 Padded Archer Armor
49:22 Thumb Ring
51:38 Elite Skirmisher
51:41 Arbalester
52:38 Two-Handed Swordsman
53:41 Champion
62:04 Onager
72:02 Leather Archer Armor
78:36 Ring Archer Armor
78:24 Chain Mail Armor
81:43 Siege Onager
Two.One
7:30 Loom
10:43 Feudal Age
15:35 Double-Bit Axe
30:17 Castle Age
30:40 Fletching
36:44 Forging
38:21 Town Watch
42:11 Pikeman
42:55 Stone Mining
42:56 Gold Mining
44:17 Bow Saw
43:51 Horse Collar
48:47 Imperial Age
46:50 Scale Mail Armor
47:25 Iron Casting
46:58 Squires
47:08 Treadmill Crane
47:53 Chain Mail Armor
50:37 Plate Mail Armor
51:08 Blast Furnace
50:55 Chieftains
52:12 Siege Engineers
52:30 Ballistics
51:58 Elite Varangian Guard
54:07 Gold Shaft Mining
53:36 Heavy Plow
56:07 Capped Ram
56:36 Cavalier
58:07 Man-at-Arms
59:29 Conscription
59:18 Long Swordsman
61:18 Two-Handed Swordsman
61:45 Arson
61:50 Siege Ram
64:45 Champion
69:05 Bodkin Arrow
70:14 Chemistry
69:27 Masonry
70:29 Light Cavalry
71:18 Scale Barding Armor
71:16 Bracer
75:29 Caravan
77:57 Chain Barding Armor
78:19 Onager
ross
14:51 Feudal Age
16:33 Double-Bit Axe
20:18 Forging
20:10 Scale Mail Armor
20:16 Scale Barding Armor
20:03 Fletching
20:14 Padded Archer Armor
21:37 Wheelbarrow
20:48 Town Watch
22:01 Horse Collar
22:41 Gold Mining
22:48 Stone Mining
32:16 Castle Age
34:57 Hand Cart
34:43 Town Patrol
42:30 Imperial Age
42:46 Imperial Age
40:08 Loom
40:50 Bow Saw
40:46 Heavy Plow
46:14 Two-Man Saw
46:10 Theocracy
47:46 Hoardings
46:42 Sappers
47:43 Elite Longbowman
52:01 Heavy Mounted Crossbowman
54:05 Iron Casting
53:53 Chain Mail Armor
53:25 Treadmill Crane
55:37 Fortified Wall
63:08 Blast Furnace
62:38 Plate Mail Armor
62:29 Chain Barding Armor
62:25 Leather Archer Armor
62:06 Bodkin Arrow
63:44 Guilds
63:54 Guard Tower
63:50 Arrowslits
65:05 Chemistry
64:26 Ballistics
64:06 Murder Holes
64:17 Siege Engineers
64:23 Masonry
64:05 Heated Shot
67:50 Yeomen
67:01 Sappers
68:06 Hoardings
67:33 Warwolf
67:55 Conscription
71:03 Plate Barding Armor
70:58 Ring Archer Armor
70:34 Bracer
71:09 Architecture
71:16 Keep
llConnachtll
6:54 Loom
11:12 Feudal Age
11:43 Double-Bit Axe
16:36 Forging
17:11 Town Watch
22:27 Castle Age
23:14 Wheelbarrow
22:49 Scale Barding Armor
22:47 Scale Mail Armor
26:08 Iron Casting
25:51 Chain Mail Armor
28:24 Caravan
30:20 Scale Barding Armor
35:16 Imperial Age
33:02 Pikeman
36:28 Halberdier
39:44 Hand Cart
39:30 Town Patrol
39:55 Chain Barding Armor
40:05 Plate Mail Armor
40:42 Blast Furnace
39:49 Ordonnance Companies
43:46 Elite Throwing Axeman
45:54 Cavalier
46:35 Husbandry
48:16 Paladin
53:00 Chain Barding Armor
60:35 Plate Barding Armor
68:15 Fletching
70:29 Hoardings
DAGRON
12:24 Feudal Age
18:51 Castle Age
18:07 Horse Collar
18:36 Double-Bit Axe
21:24 Bow Saw
25:53 Fletching
28:50 Crossbowman
30:20 Gold Mining
30:41 Bodkin Arrow
32:27 Chieftains
33:07 Heavy Plow
33:14 Pikeman
33:59 Squires
34:12 Padded Archer Armor
35:18 Stone Mining
39:04 Imperial Age
38:36 Gold Shaft Mining
39:28 Ballistics
39:08 Elite Berserk
39:39 Arbalester
41:49 Chemistry
40:54 Bogsveigar
42:45 Caravan
43:42 Bracer
43:58 Leather Archer Armor
46:37 Forging
46:28 Scale Mail Armor
47:43 Ring Archer Armor
50:29 Iron Casting
50:11 Chain Mail Armor
53:50 Blast Furnace
53:22 Plate Mail Armor
54:22 Siege Engineers
54:16 Murder Holes
58:48 Arson
65:31 Man-at-Arms
71:51 Elite Varangian Guard
Big2Tuna
0:28 Loom
12:36 Feudal Age
14:00 Wheelbarrow
13:08 Horse Collar
13:16 Double-Bit Axe
16:17 Gold Mining
21:05 Castle Age
21:04 Forging
21:00 Padded Archer Armor
21:07 Scale Barding Armor
26:00 Greek Fire
28:20 Hand Cart
28:23 Caravan
29:15 Squires
30:36 Heavy Plow
31:43 Gold Shaft Mining
32:42 Bow Saw
35:25 Imperial Age
33:34 Husbandry
35:43 Elite Cataphract
37:26 Stone Mining
38:39 Two-Man Saw
38:15 Crop Rotation
38:31 Iron Casting
38:18 Chain Barding Armor
38:44 Conscription
38:27 Elite Skirmisher
39:16 Thumb Ring
39:15 Treadmill Crane
40:29 Logistica
41:15 Fletching
43:10 Plate Barding Armor
46:05 Chemistry
45:24 Leather Archer Armor
45:28 Bodkin Arrow
47:50 Ring Archer Armor
48:53 Bracer
50:03 Pikeman
50:38 Halberdier
52:57 Scale Mail Armor
Sanguinius7193
0:34 Loom
13:36 Feudal Age
14:59 Fishing Lines
22:55 Castle Age
21:22 Fletching
22:01 Horse Collar
22:09 Double-Bit Axe
23:41 Bodkin Arrow
25:19 Careening
25:31 Ballistics
28:17 Clinker Construction
32:28 Wheelbarrow
33:26 Bow Saw
33:27 Heavy Plow
36:40 Gold Mining
41:57 Imperial Age
42:09 Masonry
42:02 Onager
44:45 Onager
46:07 Siege Onager
46:16 Northmen's Fury
51:13 Capped Ram
55:01 Scale Mail Armor
64:56 Heavy Scorpion
71:43 Siege Engineers
Connection lost

Rejoining the realm…

Still unreachable

The connection could not be restored.

Session expired

The server has moved on; the page needs a fresh start.